[ AOE2 MATCH · #504566046 ]
UnrankedJurchens vs Wu
Player's team · WIN
Rival team · LOSS
[ REPLAY ANALYSIS · EXTRACTED FROM THE RECORDED GAME ]
Feudal
8:56
Castle
24:08
Imperial
—
| APM avg | 62.7 |
| APM peak | 108 |
| eAPM avg | 23.7 |
| Villagers / military | 49 / 35 |
Focus
⚔️ 28.7% · 🌾 71.3%
Scout Cavalry ×16 · Skirmisher ×13 · Steppe Lancer ×4 · Spearman ×1 · Iron Pagoda ×1
Feudal
8:50
Castle
25:16
Imperial
—
| APM avg | 62.6 |
| APM peak | 109 |
| eAPM avg | 29.8 |
| Villagers / military | 49 / 34 |
Focus
⚔️ 40.2% · 🌾 59.8%
Archer ×16 · Spearman ×13 · Militia ×5 · Unknown (1974) ×5
Match map
Initial resources + every placement click. Lines = walls · curves = elevation contours. ◆ gold · ⬟ stone · ● berries · ✦ relic · ◌ wall gap
Your base· ✓ Closed at 24:08 · 46t walls · no gate
DK | MF's base· Open — opponent sealed themselves in
Smoothed initial terrain · ◌ = detected wall gap · hover for details
Inputs per minute
— EbolasRider - - DK | MF
Build order — EbolasRider
First 150 of 175 actions detected
| 0:01 | Create | Villager (Male) |
| 0:01 | Create | Villager (Male) |
| 0:01 | Create | Villager (Male) |
| 0:02 | Build | House |
| 0:04 | Build | House |
| 0:06 | Create | Villager (Male) |
| 1:27 | Create | Villager (Male) |
| 1:50 | Build | Mill |
| 1:54 | Create | Villager (Male) |
| 2:02 | Create | Villager (Male) |
| 2:34 | Create | Villager (Male) |
| 3:06 | Create | Villager (Male) |
| 3:44 | Create | Villager (Male) |
| 3:44 | Create | Villager (Male) |
| 3:55 | Build | House |
| 4:17 | Create | Villager (Male) |
| 4:28 | Build | House |
| 4:43 | Create | Villager (Male) |
| 4:53 | Create | Villager (Male) |
| 5:17 | Build | Lumber Camp |
| 5:37 | Create | Villager (Male) |
| 6:15 | Research | Loom |
| 6:46 | Research | Feudal Age |
| 6:46 | Research | Feudal Age |
| 7:23 | Build | Barracks |
| 7:50 | Build | Palisade Wall |
| 7:51 | Build | Palisade Wall |
| 8:07 | Build | Palisade Wall |
| 8:09 | Build | Palisade Wall |
| 8:11 | Build | Palisade Wall |
| 8:13 | Build | Palisade Wall |
| 8:16 | Build | House |
| 8:18 | Create | Villager (Male) |
| 8:43 | Create | Villager (Male) |
| 8:51 | Build | Palisade Wall |
| 8:56 | Age | Feudal Age |
| 8:58 | Build | Stable |
| 9:02 | Research | Double-Bit Axe |
| 9:07 | Create | Villager (Male) |
| 9:09 | Create | Spearman |
| 9:23 | Build | Farm |
| 9:25 | Create | Villager (Male) |
| 9:40 | Build | Palisade Wall |
| 9:46 | Build | Farm |
| 9:50 | Build | Farm |
| 9:55 | Create | Scout Cavalry |
| 9:55 | Create | Scout Cavalry |
| 10:25 | Create | Scout Cavalry |
| 10:43 | Build | House |
| 10:47 | Create | Villager (Male) |
| 10:52 | Create | Scout Cavalry |
| 10:55 | Build | Farm |
| 10:57 | Build | Farm |
| 11:18 | Create | Scout Cavalry |
| 11:35 | Create | Villager (Male) |
| 11:54 | Create | Villager (Male) |
| 12:04 | Build | Watch Tower |
| 12:10 | Build | Lumber Camp |
| 12:12 | Create | Scout Cavalry |
| 12:13 | Create | Villager (Male) |
| 12:16 | Build | House |
| 12:28 | Create | Villager (Male) |
| 12:30 | Build | Palisade Wall |
| 12:34 | Create | Villager (Male) |
| 12:45 | Create | Scout Cavalry |
| 13:00 | Build | Mill |
| 13:07 | Create | Villager (Male) |
| 13:13 | Create | Scout Cavalry |
| 13:13 | Create | Scout Cavalry |
| 13:31 | Create | Villager (Male) |
| 13:42 | Build | Farm |
| 13:44 | Create | Scout Cavalry |
| 14:02 | Create | Villager (Male) |
| 14:09 | Build | House |
| 14:19 | Create | Scout Cavalry |
| 14:22 | Build | Farm |
| 14:26 | Build | House |
| 14:32 | Create | Villager (Male) |
| 14:38 | Create | Scout Cavalry |
| 15:10 | Build | Palisade Wall |
| 15:14 | Create | Scout Cavalry |
| 15:14 | Create | Villager (Male) |
| 15:17 | Build | Blacksmith |
| 15:24 | Build | House |
| 15:28 | Create | Villager (Male) |
| 15:36 | Create | Scout Cavalry |
| 15:47 | Create | Villager (Male) |
| 15:54 | Build | Palisade Wall |
| 16:01 | Build | Farm |
| 16:03 | Build | Farm |
| 16:04 | Create | Villager (Male) |
| 16:08 | Build | Palisade Wall |
| 16:20 | Build | Farm |
| 16:25 | Create | Villager (Male) |
| 16:45 | Build | Archery Range |
| 16:47 | Create | Villager (Male) |
| 16:52 | Create | Scout Cavalry |
| 17:00 | Build | Farm |
| 17:13 | Create | Villager (Male) |
| 17:20 | Build | Farm |
| 17:23 | Build | House |
| 17:26 | Build | House |
| 17:28 | Build | House |
| 17:32 | Create | Skirmisher |
| 17:33 | Create | Villager (Male) |
| 17:37 | Create | Scout Cavalry |
| 17:44 | Create | Villager (Male) |
| 17:49 | Build | Watch Tower |
| 17:58 | Create | Skirmisher |
| 17:59 | Create | Skirmisher |
| 18:03 | Create | Villager (Male) |
| 18:15 | Create | Villager (Male) |
| 18:20 | Build | Mining Camp |
| 18:33 | Create | Skirmisher |
| 18:37 | Create | Villager (Male) |
| 18:41 | Build | House |
| 18:56 | Create | Skirmisher |
| 19:03 | Create | Villager (Male) |
| 19:05 | Build | Farm |
| 19:16 | Create | Skirmisher |
| 19:20 | Build | Palisade Wall |
| 19:20 | Build | Palisade Wall |
| 19:31 | Build | Farm |
| 19:35 | Create | Skirmisher |
| 19:38 | Create | Villager (Male) |
| 19:45 | Build | Farm |
| 19:58 | Build | Farm |
| 20:14 | Build | Palisade Wall |
| 20:16 | Build | Palisade Wall |
| 20:30 | Build | Farm |
| 20:30 | Build | Farm |
| 20:55 | Build | House |
| 21:00 | Build | House |
| 21:17 | Build | Blacksmith |
| 21:28 | Research | Castle Age |
| 21:30 | Build | Lumber Camp |
| 21:45 | Create | Skirmisher |
| 21:53 | Create | Skirmisher |
| 22:11 | Build | Farm |
| 22:12 | Research | Horse Collar |
| 22:19 | Build | Farm |
| 22:27 | Build | Farm |
| 22:52 | Research | Fletching |
| 22:55 | Build | Farm |
| 23:06 | Build | Farm |
| 23:12 | Create | Skirmisher |
| 23:21 | Build | Farm |
| 23:24 | Build | Farm |
| 23:26 | Research | Gold Mining |
| 23:30 | Create | Skirmisher |
Build order — DK | MF
First 150 of 176 actions detected
| 0:00 | Create | Villager (Male) |
| 0:01 | Build | House |
| 0:02 | Build | House |
| 0:02 | Create | Villager (Male) |
| 0:03 | Create | Villager (Male) |
| 0:11 | Create | Villager (Male) |
| 1:23 | Create | Villager (Male) |
| 1:24 | Create | Villager (Male) |
| 1:46 | Build | Lumber Camp |
| 2:04 | Create | Villager (Male) |
| 2:16 | Create | Villager (Male) |
| 2:34 | Create | Villager (Male) |
| 2:56 | Create | Villager (Male) |
| 3:30 | Build | House |
| 3:43 | Create | Villager (Male) |
| 3:43 | Create | Villager (Male) |
| 3:56 | Create | Villager (Male) |
| 4:32 | Create | Villager (Male) |
| 4:55 | Build | Barracks |
| 5:21 | Build | House |
| 5:25 | Create | Villager (Male) |
| 5:27 | Create | Villager (Male) |
| 5:42 | Research | Loom |
| 6:35 | Research | Feudal Age |
| 6:48 | Build | Mining Camp |
| 6:57 | Create | Militia |
| 7:24 | Create | Militia |
| 7:44 | Create | Militia |
| 8:05 | Create | Villager (Male) |
| 8:14 | Build | Mill |
| 8:47 | Create | Villager (Male) |
| 8:50 | Age | Feudal Age |
| 8:54 | Build | Archery Range |
| 9:01 | Research | Man-at-Arms (upgrade) |
| 9:13 | Create | Villager (Male) |
| 9:19 | Build | Watch Tower |
| 10:01 | Build | Watch Tower |
| 10:06 | Create | Villager (Male) |
| 10:07 | Create | Villager (Male) |
| 10:11 | Build | House |
| 10:18 | Build | Palisade Wall |
| 10:19 | Build | Palisade Wall |
| 10:19 | Build | Palisade Wall |
| 10:19 | Build | Palisade Wall |
| 10:19 | Build | Palisade Wall |
| 10:20 | Build | Palisade Wall |
| 10:20 | Build | Palisade Wall |
| 10:20 | Build | Palisade Wall |
| 10:20 | Build | Palisade Wall |
| 10:21 | Build | Palisade Wall |
| 10:40 | Create | Villager (Male) |
| 10:43 | Create | Archer |
| 10:46 | Build | House |
| 10:50 | Build | Mill |
| 10:50 | Create | Spearman |
| 11:19 | Create | Villager (Male) |
| 11:22 | Build | Farm |
| 11:28 | Create | Villager (Male) |
| 11:33 | Create | Archer |
| 11:54 | Create | Militia |
| 11:59 | Create | Villager (Male) |
| 12:14 | Create | Villager (Male) |
| 12:17 | Build | Farm |
| 12:17 | Create | Militia |
| 12:25 | Create | Villager (Male) |
| 12:42 | Create | Archer |
| 12:43 | Create | Villager (Male) |
| 13:00 | Build | Mill |
| 13:12 | Create | Villager (Male) |
| 13:19 | Build | House |
| 13:30 | Build | House |
| 13:35 | Create | Villager (Male) |
| 13:42 | Create | Villager (Male) |
| 13:44 | Create | Archer |
| 13:51 | Create | Spearman |
| 13:57 | Build | House |
| 13:59 | Build | Palisade Wall |
| 14:15 | Create | Villager (Male) |
| 14:17 | Create | Spearman |
| 14:24 | Create | Spearman |
| 14:25 | Create | Spearman |
| 14:41 | Create | Villager (Male) |
| 14:47 | Create | Spearman |
| 15:06 | Create | Archer |
| 15:07 | Create | Villager (Male) |
| 15:08 | Create | Archer |
| 15:24 | Create | Archer |
| 15:25 | Create | Villager (Male) |
| 15:51 | Build | Farm |
| 15:52 | Build | Farm |
| 16:00 | Build | House |
| 16:04 | Build | House |
| 16:06 | Build | Palisade Wall |
| 16:07 | Create | Spearman |
| 16:12 | Build | Palisade Wall |
| 16:20 | Build | Palisade Wall |
| 16:22 | Create | Spearman |
| 16:23 | Create | Villager (Male) |
| 16:28 | Create | Archer |
| 16:35 | Create | Villager (Male) |
| 16:38 | Build | Farm |
| 16:48 | Build | Palisade Wall |
| 16:52 | Create | Spearman |
| 16:54 | Create | Archer |
| 16:57 | Create | Villager (Male) |
| 17:16 | Create | Archer |
| 17:17 | Create | Villager (Male) |
| 17:26 | Build | Mining Camp |
| 17:37 | Create | Villager (Male) |
| 17:53 | Create | Archer |
| 18:01 | Create | Villager (Male) |
| 18:06 | Build | Farm |
| 18:13 | Create | Archer |
| 18:27 | Create | Villager (Male) |
| 18:35 | Create | Villager (Male) |
| 18:38 | Create | Spearman |
| 18:39 | Create | Spearman |
| 18:48 | Create | Villager (Male) |
| 19:11 | Build | Farm |
| 19:20 | Build | Watch Tower |
| 19:21 | Build | Palisade Wall |
| 19:22 | Build | Palisade Wall |
| 19:22 | Build | Palisade Wall |
| 19:22 | Build | Palisade Wall |
| 19:22 | Build | Palisade Wall |
| 19:23 | Build | Palisade Wall |
| 19:23 | Build | Palisade Wall |
| 19:23 | Build | Palisade Wall |
| 19:23 | Build | Palisade Wall |
| 19:36 | Create | Archer |
| 19:39 | Build | Farm |
| 19:41 | Build | Farm |
| 19:41 | Build | Farm |
| 19:41 | Build | Farm |
| 19:41 | Build | Farm |
| 19:42 | Build | Farm |
| 19:55 | Build | Farm |
| 20:08 | Create | Villager (Male) |
| 20:22 | Build | House |
| 20:24 | Build | House |
| 20:33 | Create | Villager (Male) |
| 20:39 | Create | Archer |
| 21:15 | Create | Villager (Male) |
| 21:25 | Build | Blacksmith |
| 21:52 | Build | Palisade Wall |
| 21:57 | Build | Farm |
| 21:58 | Build | Farm |
| 22:07 | Build | Palisade Wall |
| 22:24 | Build | Lumber Camp |
| 22:36 | Research | Castle Age |
Match timeline
| 4:55 | DK | MF · first_building Barracks |
| 7:23 | EbolasRider · first_building Barracks |
| 7:50 | EbolasRider · wall_segment Palisade Wall x1 |
| 7:51 | EbolasRider · wall_segment Palisade Wall x1 |
| 8:07 | EbolasRider · wall_segment Palisade Wall x1 |
| 8:09 | EbolasRider · wall_segment Palisade Wall x1 |
| 8:11 | EbolasRider · wall_segment Palisade Wall x1 |
| 8:13 | EbolasRider · wall_segment Palisade Wall x1 |
| 8:50 | DK | MF · age_up feudal |
| 8:51 | EbolasRider · wall_segment Palisade Wall x1 |
| 8:54 | DK | MF · first_building Archery Range |
| 8:56 | EbolasRider · age_up feudal |
| 8:58 | EbolasRider · first_building Stable |
| 9:40 | EbolasRider · wall_segment Palisade Wall x1 |
| 10:18 | DK | MF · wall_segment Palisade Wall x1 |
| 10:19 | DK | MF · wall_segment Palisade Wall x1 |
| 10:19 | DK | MF · wall_segment Palisade Wall x2 |
| 10:19 | DK | MF · wall_segment Palisade Wall x1 |
| 10:19 | DK | MF · wall_segment Palisade Wall x2 |
| 10:20 | DK | MF · wall_segment Palisade Wall x1 |
| 10:20 | DK | MF · wall_segment Palisade Wall x2 |
| 10:20 | DK | MF · wall_segment Palisade Wall x1 |
| 10:20 | DK | MF · wall_segment Palisade Wall x1 |
| 10:21 | DK | MF · wall_segment Palisade Wall x1 |
| 12:30 | EbolasRider · wall_segment Palisade Wall x7 |
| 13:59 | DK | MF · wall_segment Palisade Wall x8 |
| 15:10 | EbolasRider · wall_segment Palisade Wall x1 |
| 15:54 | EbolasRider · wall_segment Palisade Wall x8 |
| 16:06 | DK | MF · wall_segment Palisade Wall x3 |
| 16:08 | EbolasRider · wall_segment Palisade Wall x4 |
| 16:12 | DK | MF · wall_segment Palisade Wall x1 |
| 16:20 | DK | MF · wall_segment Palisade Wall x1 |
| 16:45 | EbolasRider · first_building Archery Range |
| 16:48 | DK | MF · wall_segment Palisade Wall x1 |
| 19:20 | EbolasRider · wall_segment Palisade Wall x7 |
| 19:20 | EbolasRider · wall_segment Palisade Wall x1 |
| 19:21 | DK | MF · wall_segment Palisade Wall x1 |
| 19:22 | DK | MF · wall_segment Palisade Wall x1 |
| 19:22 | DK | MF · wall_segment Palisade Wall x1 |
| 19:22 | DK | MF · wall_segment Palisade Wall x2 |
| 19:22 | DK | MF · wall_segment Palisade Wall x2 |
| 19:23 | DK | MF · wall_segment Palisade Wall x2 |
| 19:23 | DK | MF · wall_segment Palisade Wall x1 |
| 19:23 | DK | MF · wall_segment Palisade Wall x1 |
| 19:23 | DK | MF · wall_segment Palisade Wall x1 |
| 20:14 | EbolasRider · wall_segment Palisade Wall x6 |
| 20:16 | EbolasRider · wall_segment Palisade Wall x5 |
| 21:52 | DK | MF · wall_segment Palisade Wall x1 |
| 22:07 | DK | MF · wall_segment Palisade Wall x1 |
| 23:27 | DK | MF · wall_segment Palisade Wall x6 |
| 24:08 | EbolasRider · age_up castle |
| 24:27 | EbolasRider · first_building Siege Workshop |
| 25:16 | DK | MF · age_up castle |
| 26:25 | DK | MF · resign |
[ AI ANALYSIS · 1 CREDIT ]
What really happened in this match?
Wolo.gg analyzes every decision: build order, eco, micro, common mistakes by bracket. Personalized analysis on WhatsApp or Discord in 30 seconds.
Civ guide
Jurchens
Perfil
Zaid (EbolasRider)